Map: Platformy prionowe

Players

Gracz - Winner!

  • Race: Zerg Zerg

SI 1 (Bardzo łatwa)

  • Race: Zerg Zerg

VOD

Have the link to the VOD?

Description

Time

  • Played on: Feb. 12, 2016, 8:07 a.m.
  • Length: 13:00
Show
View Real Time Build Order
Export as new Build Order

Gracz Zerg - Winner!

Build Orders: Hatch First 

Get SALT Encoding   

  12  0:12  Overlord  
  12  0:15  Drone  
  13  0:40  Extractor  
  12  0:44  Drone  
  12  0:46  Overlord, Drone  
  14  1:13  Hatchery  
  13  1:26  Spawning Pool  
  12  2:17  Zergling x6  
  15  2:27  Drone  
  16  2:46  Drone  
  17  2:52  Drone  
  17  2:54  Drone x2  
  20  3:05  Zergling x2  
  21  3:15  Roach Warren  
  20  3:31  Lair  
  20  3:33  Queen  
  22  3:52  Baneling Nest  
  21  4:05  Roach x2  
  21  4:06  Roach  
  27  4:10  Evolution Chamber  
  26  4:42  Drone  
  26  4:43  Drone x2  
  30  4:52  Drone  
  30  4:55  Zergling x4  
  32  5:05  Infestation Pit  
  31  5:16  Extractor  
  30  5:26  Drone  
  30  5:27  Drone x2  
  33  5:55  Hive  
  33  6:15  Baneling  
  33  6:17  Baneling  
  33  6:18  Baneling x3  
  33  6:24  Zergling x4  
  33  6:25  Zergling x2  
  36  6:30  Overlord  
  36  7:05  Overlord  
  36  7:18  Drone  
  36  7:19  Roach  
  40  7:22  Drone  
  40  7:23  Drone x2  
  42  7:43  Roach x2  
  42  7:44  Roach  
  48  7:45  Spire  
  46  8:01  Ultralisk Cavern  
  44  8:33  Overlord x2  
  44  8:35  Drone  
  45  8:45  Extractor  
  44  9:07  Zerg Flyer Armor Level 1  
  44  9:11  Mutalisk x2  
  48  9:50  Nydus Network  
  47  10:03  Mutalisk x2  
  51  10:21  Mutalisk  
  53  10:29  Mutalisk  
  55  11:01  Zerg Flyer Weapons Level 1  
  55  11:20  Nydus Canal  
Show
View Real Time Build Order
Export as new Build Order

SI 1 (Bardzo łatwa) Zerg 

Build Orders: Pool First 

Get SALT Encoding   

  12  0:01  Drone  
  13  0:12  Overlord  
  13  0:17  Drone  
  14  0:36  Spawning Pool  
  14  0:37  Extractor  
  14  0:39  Drone  
  13  0:46  Drone  
  14  0:51  Overlord  
  14  1:22  Queen  
  14  1:24  Zergling x2  
  17  1:30  Roach Warren  
  16  1:33  Drone  
  16  1:36  Extractor  
  16  1:40  Drone  
  17  1:51  Zergling x2  
  18  2:00  Drone  
  19  2:07  Drone  
  20  2:17  Drone  
  20  2:19  Zergling x2  
  22  2:28  Overlord  
  22  2:29  Drone  
  23  2:36  Drone  
  24  2:43  Drone  
  25  2:51  Roach  
  27  7:12  Zergling x2  
  27  7:25  Drone  
  27  7:26  Lair, Overlord  
  28  7:33  Drone  
  29  7:39  Hatchery  
  29  7:41  Drone  
  29  7:51  Roach  
  27  8:26  Overseer x2  
  27  8:31  Roach  
  29  8:52  Drone  
  30  8:59  Drone  
  31  9:03  Extractor  
  31  9:07  Drone  
  31  9:08  Extractor  
  30  9:10  Roach  
  30  9:14  Drone  
  33  9:21  Drone  
  34  9:28  Drone  
  35  9:35  Drone  
  36  9:42  Drone  
  37  9:49  Drone  
  38  9:57  Drone  
  39  10:04  Drone  
  40  10:11  Drone  
  41  10:19  Drone  
  42  10:26  Drone  
  43  10:33  Drone  
  44  10:40  Drone  
  44  10:42  Overlord  
  45  10:47  Drone  
  46  10:55  Drone  
  47  11:02  Drone  
  48  11:09  Drone  
  49  11:23  Zergling x2  
  43  11:32  Drone  
  43  11:40  Drone  
  43  11:42  Overlord  
  42  11:47  Drone  
  42  11:52  Zergling x2  
  35  11:54  Drone  
  36  12:01  Drone  
  35  12:08  Drone  
  36  12:15  Drone  
  36  12:21  Roach  
  38  12:23  Drone  
  35  12:31  Overlord, Drone  
  34  12:38  Drone  
  29  12:45  Drone  
Tags
 
Add a new tag
Caveats
  • Supply blocks, unpowered buildings, or Contaminate may cause inaccurate times.
  • Supply counts are checked every 10 seconds.